 Dungeon Crawl Stone Soup version 0.27.1 (webtiles) character file.

Game seed: 16348958032428999584

6962 GameOver the Tainter (level 11, -2/79 (81) HPs)
             Began as a Naga Hedge Wizard on Sept 3, 2021.
             Was an Initiate of Kikubaaqudgha.
             Splashed by an acid dragon's acid (17 damage)
             ... on level 9 of the Dungeon.
             The game lasted 00:54:49 (7211 turns).

GameOver the Tainter (Naga Hedge Wizard)            Turns: 7211, Time: 00:54:50

HP:   -2/79 (81)    AC:  3    Str: 14    XL:     11   Next: 7%
MP:   5/23          EV: 14    Int: 17    God:    Kikubaaqudgha [......]
Gold: 254           SH:  0    Dex: 16    Spells: 18/27 levels left

rFire    + . .     SeeInvis +   w - +4 quarterstaff (chaos)
rCold    . . .     Faith    .   (shield currently unavailable)
rNeg     . . .     Spirit   .   b - +1 robe {rF+}
rPois    +         Reflect  .   (helmet restricted)
rElec    .         Harm     .   B - +0 cloak
rCorr    .         Rampage  .   i - +0 pair of gloves
Will     +....                  (no barding)
Stlth    ++++......             (no amulet)
HPRegen  0.23/turn              e - +6 ring of dexterity
MPRegen  0.18/turn              C - +4 ring of evasion

@: corroded, lightly drained, very slow
A: AC +3, large, see invisible, deformed body, poison resistance, slowness 2,
spit poison 1, naga tail 1, antennae 1, deterioration 1
a: Spit Poison, Renounce Religion


You were on level 9 of the Dungeon.
You worshipped Kikubaaqudgha.
Kikubaaqudgha was noncommittal.
You visited 2 branches of the dungeon, and saw 10 of its levels.

You collected 254 gold pieces.

Inventory:

Hand Weapons
 k - a +1 whip of freezing
 q - a +1 hunting sling of freezing
 s - a +0 spear
 v - the +4 flail of Agoawk {venom, *Noise rPois Str+2}
   (You found it on level 4 of the Dungeon)

   It poisons the flesh of those it strikes.
   Str:       It affects your strength (+2).
   rPois:     It protects you from poison.
   *Noise:    It may make noises in combat.
 w - a +4 quarterstaff of chaos (weapon)
 G - a +3 whip of electrocution
 W - a +2 vorpal flail
Missiles
 l - 3 throwing nets
Armour
 b - a +1 robe of fire resistance (worn)
 c - a +0 helmet
 i - a +0 pair of gloves (worn)
 y - a +0 buckler
 B - a +0 cloak (worn)
 K - +0 acid dragon scales
 L - a scarf of harm
Jewellery
 e - a +6 ring of dexterity (left hand)
 C - a +4 ring of evasion (right hand)
Wands
 D - a wand of polymorph (11)
 I - a wand of digging (5)
Scrolls
 a - 2 scrolls of enchant armour {unknown}
 g - a scroll of teleportation
 h - 3 scrolls of amnesia
 j - 2 scrolls of identify
 o - 2 scrolls of fear {unknown}
 p - a scroll of torment {unknown}
 t - a scroll of magic mapping {unknown}
 u - 2 scrolls of blinking {unknown}
 x - a scroll of vulnerability {unknown}
 E - 2 scrolls of noise {unknown}
 F - a scroll of holy word {unknown}
Potions
 d - a potion of mutation
 f - 3 potions of curing
 m - 3 potions of might
 n - a potion of magic
 r - a potion of haste {unknown}
 z - 3 potions of invisibility
 A - 4 potions of heal wounds
 H - 2 potions of lignification {unknown}
 J - a potion of ambrosia {unknown}
 M - 2 potions of flight {unknown}


   Skills:
 - Level 1.5 Dodging
 + Level 8.8 Stealth
 + Level 8.8 Spellcasting
 - Level 6.0 Conjurations
 - Level 1.0 Summonings
 - Level 3.0 Translocations
 + Level 8.8 Earth Magic
 - Level 9.0 Poison Magic


You had 18 spell levels left.
You knew the following spells:

 Your Spells              Type           Power      Damage    Failure   Level
a - Magic Dart            Conj           100%       1d8       1%          1
b - Blink                 Tloc           N/A        N/A       4%          2
d - Mephitic Cloud        Conj/Pois/Air  24%        N/A       3%          3
s - Stone Arrow           Conj/Erth      64%        3d11      1%          3

Your spell library contained the following spells:

 Spells                   Type           Power      Damage    Failure   Level
 Sting                    Tmut/Pois      88%        1d7       1%          1
 Shock                    Conj/Air       68%        1d7       2%          1
 Passwall                 Tmut/Erth      18%        N/A       2%          2
 Poisonous Vapours        Pois/Air       44%        N/A       2%          2
 Olgreb's Toxic Radiance  Pois           38%        N/A       2%          4
 Summon Small Mammal      Summ           40%        N/A       6%          1
 Conjure Flame            Conj/Fire      17%        6-21      9%          3
 Call Imp                 Summ           10%        N/A       10%         2
 Slow                     Hex            7%         N/A       14%         2
 Call Canine Familiar     Summ           10%        N/A       19%         3
 Summon Guardian Golem    Hex/Summ       9%         N/A       24%         3
 Swiftness                Air            7%         N/A       28%         3
 Bolt of Magma            Conj/Fire/Erth 12%        4d8       34%         5
 Airstrike                Air            3%         N/A       67%         4
 Invisibility             Hex            3%         N/A       100%        6
 Shatter                  Erth           18%        3d17*     100%        9


Dungeon Overview and Level Annotations

Branches:
Dungeon (9/15)             Temple (1/1) D:4
   Lair: D:8-11         Orc: D:9-12

Altars:
Ashenzari
Cheibriados
Dithmenos
Elyvilon
Fedhas
Gozag
Hepliaklqana
Kikubaaqudgha
Makhleb
Nemelex Xobeh
Okawaru
Qazlal
Ru
Sif Muna
Trog
Uskayaw
Wu Jian
Xom
Zin
The Shining One

Annotations:
D:3 3 runed translucent doors, tape's ghost, amateur FoEE
D:5 3 runed translucent doors, Tutankhamun's ghost, novice TrMo
D:7 2 transporters, exclusions: ice statue and oklob plant, RedRedRas's ghost, novice DDFi
D:8 2 transporters, lasso's ghost, novice GnCj
Abyss:1 Duvessa


Innate Abilities, Weirdness & Mutations

Your serpentine skin is tough. (AC +3)
You have supernaturally acute eyesight. (SInv)
Armour fits poorly on your strangely shaped body.
Your system is resistant to poisons. (rPois)
You cover ground very slowly.
You can spit poison.
You have a snake-like lower body.
You have a pair of small antennae on your head.
Your body sometimes deteriorates upon taking damage.


Message History

As you read the scroll of teleportation, it crumbles to dust.
You feel strangely unstable.
The orc warrior dies!
Kikubaaqudgha accepts your kill.
The orc sorcerer hits the sun demon with a +1 glaive of venom!
Press: ? - help, Shift-Dir - straight line, f/p - orc sorcerer
Aim: an orc sorcerer, wielding a +1 glaive of venom and wearing a +0 robe (lightly wounded, confused)
The splash of poison hits the orc sorcerer.
The orc sorcerer is poisoned.
The orc sorcerer is moderately wounded.
The orc warrior hits you with a +0 flail.
Unknown command.
You hit the orc warrior.
You feel better.
The orc warrior is moderately wounded.
Unknown command.
You hit the orc warrior.
The orc warrior flickers and vanishes for a moment.
The orc warrior is heavily wounded.
Your surroundings suddenly seem different.
A deep elf pyromancer and a two-headed ogre come into view.
The two-headed ogre shouts in stereo!
The deep elf pyromancer shouts!
You hear an angry buzzing noise. x2
You close the door.
You have got your breath back.
You hear an angry buzzing noise.
You hear a howl!
As you read the scroll of teleportation, it crumbles to dust.
You feel strangely unstable.
A killer bee comes into view.
Your surroundings suddenly seem different.
A yak, an acid dragon and a kobold brigand come into view.
The kobold brigand is wielding a +0 short sword and quivering curare-tipped darts.
The yak moves out of view.
You close the door.
The acid dragon roars!
You hear a loud, deep croak!
You hear two shouts!
The acid dragon spits acid at you. The splash of acid hits you!
* * * LOW HITPOINT WARNING * * *
The acid corrodes you!
You are splashed with acid!
You die...
Kikubaaqudgha rasps: "You have failed me!
Welcome... death!"

#.# ##.. . #..#.#
### '# #..... ..#
.. #..#.# #.# .#
#.##.# #.# .# .
#..... #.#.#....
#.#... #@+..#.
+.##.. #.K.#.#....
#.#... #.D.##.#.#.
#....# #.#.# ..#.#
#..### #...# #...
#..#
#########'#####..#
................#
#........###.##.#
..######.# #....#


You could see an acid dragon (catching breath) and a kobold brigand (wandering).

Vanquished Creatures
  3 two-headed ogres
  A deep elf pyromancer (D:9)
  Prince Ribbit (D:9)
  Sigmund (D:2)
  2 wyverns
  2 wraiths (D:9)
  A vampire mosquito (D:9)
  A steam dragon (D:7)
  2 acid dragons
  2 water moccasins
  3 orc warriors
  A sky beast (D:8)
  2 ice beasts (D:6)
  2 centaurs
  A phantom (D:5)
  4 ogres
  2 bullfrogs
  Blork the orc (D:6)
  2 gnoll sergeants
  2 scorpions
  Dowan (D:7)
  A water moccasin skeleton (D:7)
  2 gnoll shamans
  3 hounds
  4 orc priests
  2 centaur zombies
  A jelly (D:6)
  2 bullfrog skeletons
  4 centaur skeletons
  Crazy Yiuf (D:5)
  2 iguanas
  12 orc wizards
  A scorpion zombie (D:5)
  A hound skeleton (D:5)
  21 gnolls
  2 howler monkey skeletons
  10 adders
  2 shadow imps
  A white imp (D:8)
  An ufetubus (D:4)
  3 worms (D:2)
  7 dart slugs
  16 orcs
  5 endoplasms
  3 giant cockroaches
  4 goblins
  5 hobgoblins
  12 kobolds
  4 quokkas
  7 ball pythons
  5 bats
  3 frilled lizards
  4 rats
188 creatures vanquished.

Vanquished Creatures (collateral kills)
  An orc warrior (D:9)
1 creature vanquished.

Vanquished Creatures (others)
  A fungus (D:5)
1 creature vanquished.

Grand Total: 190 creatures vanquished

Notes
Turn   | Place    | Note
-------+----------+-------------------------------------------
     0 | D:1      | GameOver the Naga Hedge Wizard began the quest for the Orb.
     0 | D:1      | Reached XP level 1. HP: 15/15 MP: 4/4
    67 | D:1      | Reached XP level 2. HP: 3/22 MP: 1/6
   624 | D:1      | Reached XP level 3. HP: 28/28 MP: 7/7
   628 | D:1      | Learned a level 3 spell: Stone Arrow
   632 | D:1      | Learned a level 3 spell: Mephitic Cloud
   796 | D:1      | Found a faded altar of an unknown god.
  1055 | D:2      | Noticed Sigmund
  1070 | D:2      | Killed Sigmund
  1071 | D:2      | Reached skill level 5 in Conjurations
  1071 | D:2      | Reached XP level 4. HP: 22/36 MP: 1/8
  1071 | D:2      | Reached XP level 5. HP: 26/42 MP: 1/9
  1139 | D:2      | Reached XP level 6. HP: 35/49 MP: 5/10
  1475 | D:2      | You fall into a shaft and drop 1 floor!
  1497 | D:3      | Reached skill level 1 in Poison Magic
  1647 | D:3      | Found a runed translucent gate.
  1647 | D:3      | Noticed a sky beast
  1648 | D:3      | Found a runed translucent gate.
  1648 | D:3      | Found a runed translucent gate.
  1658 | D:3      | Noticed tape's ghost (amateur FoEE)
  1735 | D:3      | Learned a level 2 spell: Blink
  1740 | D:3      | Reached skill level 1 in Earth Magic
  1979 | D:3      | Noticed a water moccasin
  2007 | D:3      | Killed a water moccasin
  2008 | D:3      | Reached skill level 2 in Poison Magic
  2008 | D:3      | Reached XP level 7. HP: 55/55 MP: 4/12
  2561 | D:4      | Found a staircase to the Ecumenical Temple.
  2567 | D:4      | Reached skill level 3 in Poison Magic
  2569 | D:4      | Identified the +4 flail of Agoawk {venom, *Noise rPois
                  | Str+2}
  2582 | Temple   | Entered the Ecumenical Temple
  3342 | D:5      | Entered Level 5 of the Dungeon
  3472 | D:5      | Reached skill level 4 in Poison Magic
  3579 | D:5      | Reached XP level 8. HP: 62/62 MP: 6/14
  3746 | D:5      | Reached skill level 5 in Poison Magic
  3873 | D:5      | Reached skill level 5 in Spellcasting
  3900 | D:5      | Reached skill level 6 in Poison Magic
  4121 | D:5      | Found a runed translucent gate.
  4122 | D:5      | Found a runed translucent gate.
  4122 | D:5      | Noticed Tutankhamun's ghost (novice TrMo)
  4123 | D:5      | Found a runed translucent gate.
  4697 | D:5      | Found a runed translucent door.
  4698 | D:5      | Noticed Crazy Yiuf
  4707 | D:5      | Killed Crazy Yiuf
  4838 | D:6      | Reached skill level 5 in Earth Magic
  4914 | D:6      | Reached XP level 9. HP: 68/68 MP: 13/17
  4951 | D:6      | Reached skill level 7 in Poison Magic
  5001 | D:6      | Noticed Blork the orc
  5019 | D:6      | Killed Blork the orc
  5096 | D:6      | Found the +10 dark maul {vorpal}
  5305 | D:7      | Found a glowing silver altar of Zin.
  5358 | D:7      | Reached skill level 8 in Poison Magic
  5430 | D:7      | Noticed an ice statue
  5438 | D:7      | Noticed RedRedRas's ghost (novice DDFi)
  5460 | D:7      | Found a transporter.
  5462 | D:7      | Found a transporter.
  5462 | D:7      | Noticed an oklob plant
  5462 | D:7      | Noticed a boulder beetle
  5465 | D:7      | Noticed Duvessa
  5468 | D:7      | Noticed Dowan
  5474 | D:7      | Banished Duvessa
  5490 | D:7      | Killed Dowan
  5493 | D:7      | Noticed a hornet
  5529 | D:7      | Noticed a deep elf pyromancer
  5606 | D:7      | Found an ancient bone altar of Kikubaaqudgha.
  5611 | D:7      | Became a worshipper of Kikubaaqudgha
  5682 | D:7      | Reached skill level 9 in Poison Magic
  5954 | D:8      | Found a transporter.
  5957 | D:8      | Noticed lasso's ghost (novice GnCj)
  6030 | D:8      | Reached XP level 10. HP: 69/75 MP: 2/20
  6036 | D:8      | Noticed a two-headed ogre
  6257 | D:8      | Noticed a two-headed ogre
  6267 | D:8      | Killed a two-headed ogre
  6268 | D:8      | Reached skill level 5 in Stealth
  6337 | D:8      | Killed a two-headed ogre
  6695 | D:8      | Found a transporter.
  6869 | D:9      | Noticed Prince Ribbit
  6880 | D:9      | Killed Prince Ribbit
  6984 | D:9      | Noticed a deep elf pyromancer
  7016 | D:9      | Noticed a two-headed ogre
  7038 | D:9      | Killed a two-headed ogre
  7178 | D:9      | Killed a deep elf pyromancer
  7179 | D:9      | Reached XP level 11. HP: 46/81 MP: 3/23
  7179 | D:9      | Gained mutation: You tend to lose your temper in combat.
                  | [potion of mutation]
  7179 | D:9      | Gained mutation: Your body sometimes deteriorates upon
                  | taking damage. [potion of mutation]
  7179 | D:9      | Lost mutation: You tend to lose your temper in combat.
                  | [potion of mutation]
  7179 | D:9      | Gained mutation: You have a pair of small antennae on your
                  | head. [potion of mutation]
  7195 | D:9      | Noticed an orc sorcerer
  7197 | D:9      | Noticed a sun demon
  7205 | D:9      | Noticed a two-headed ogre
  7205 | D:9      | Noticed a deep elf pyromancer
  7211 | D:9      | Splashed by an acid dragon's acid

Illustrated notes

Levels and vault maps discovered:
D:1:      mushboom_english_gardens, layout_basic,
          shapermc_ecumenical_altar_mp_vishouse
D:2:      layout_rooms, uniq_sigmund
D:3:      wad_pebble_path, layout_basic, gammafunk_ghost_split, minmay_distorted
D:4:      layout_loops_ring, minmay_temple_entry_offerings
D:5:      layout_basic, gammafunk_ghost_nasty_kobolds, patterned_corridor,
          uniq_crazy_yiuf_cottage
D:6:      layout_basic, minmay_misc_feat_rows, uniq_blork_the_orc
D:7:      layout_basic, old_standard_altar, overflow_temple_1_default,
          nzn_ghost_randoct, uniq_duvessa
D:8:      minmay_spotlight, layout_basic, gammafunk_ghost_stat_death
D:9:      minmay_the_grid_3x3 [minmay_the_grid_diamond_grid,
          minmay_the_grid_broken_lines, minmay_the_grid_doors,
          minmay_the_grid_box_x, minmay_the_grid_armoury,
          minmay_the_grid_medium_cups, minmay_the_grid_tri_star,
          minmay_the_grid_tree, minmay_the_grid_prize_diamond_cup],
          layout_loops_ring, amcnicky_altar_gilded, erik_lair_dragon,
          ebering_ghost_funeral_grove, uniq_maurice, uniq_gastronok, uniq_erica,
          uniq_prince_ribbit1
Temple:   dpeg_five_rooms_temple

Skill      XL: |  1  2  3  4  5  6  7  8  9 10 |
---------------+-------------------------------+-----
Conjurations   | 2 5 6 |  6.0
Poison Magic   | 2 4 6 9 |  9.0
Earth Magic    | 1 3 5 7 8 |  8.8
Spellcasting   | 4 5 7 8 |  8.8
Stealth        | 8 |  8.8
Translocations | 3 |  3.0
Dodging        | |  1.5
Summonings     | |  1.0

Action                   |  1- 3 |  4- 6 |  7- 9 | 10-12 || total
-------------------------+-------+-------+-------+-------++-------
Melee: Short sword       |     1 |       |       |       ||     1
       Whip              |    12 |    12 |    41 |       ||    65
       Quarterstaff      |       |       |    45 |    51 ||    96
       Flail             |       |       |     1 |       ||     1
 Cast: Magic Dart        |    33 |    43 |    22 |     3 ||   101
       Mephitic Cloud    |     1 |       |    14 |    19 ||    34
       Stone Arrow       |       |     3 |    74 |    33 ||   110
       Blink             |       |       |     1 |     2 ||     3
 Abil: Spit Poison       |    32 |    30 |    70 |    30 ||   162
  Use: Scroll            |       |       |     5 |     3 ||     8
       Potion            |       |       |       |     3 ||     3
 Stab: Sleeping          |       |     1 |     1 |       ||     2
       Confused          |       |       |     8 |     4 ||    12
Armor: Robe              |     2 |     2 |    43 |    12 ||    59
Dodge: Dodged            |    14 |    14 |    60 |    38 ||   126
